 Dungeon Crawl Stone Soup version 0.21-a0-506-ga0ee87aef2 (webtiles) character file.

23 Kaname the Magician (level 2, 0/19 HPs)
             Began as a Demonspawn Wizard on Nov 27, 2017.
             Succumbed to an adder's poison
             ... on level 2 of the Dungeon.
             The game lasted 00:02:50 (1265 turns).

Kaname the Magician (Demonspawn Wizard)             Turns: 1265, Time: 00:02:51

Health: 0/19       AC:  2    Str:  7    XL:     2   Next: 72%
Magic:  1/6        EV: 12    Int: 19    God:
Gold:   89         SH:  0    Dex: 11    Spells: 4/7 levels left

rFire    . . .     SeeInvis .   k - +0 dagger (drain)
rCold    . . .     Gourm    .   (no shield)
rNeg     . . .     Faith    .   a - +0 robe
rPois    .         Spirit   .   b - +0 hat
rElec    .         Reflect  .   (no cloak)
rCorr    .         Harm     .   (no gloves)
MR       .....                  (no boots)
Stlth    +.........             (no amulet)
HPRegen  0.06/turn              (no ring)
MPRegen  0.10/turn              (no ring)

@: lethally poisoned (0 -> -5), flying, very slightly contaminated, drained
A: rot immunity
a: no special abilities


You were on level 2 of the Dungeon.
You were very hungry.

You visited 1 branch of the dungeon, and saw 2 of its levels.

You collected 89 gold pieces.

Inventory:

Hand Weapons
 k - a +0 dagger of draining (weapon)
Missiles
 m - a throwing net (quivered)
Armour
 a - a +0 robe (worn)
 b - a +0 hat (worn)
Scrolls
 f - 3 scrolls of blinking {unknown}
 g - a scroll of enchant weapon {unknown}
 h - a scroll of teleportation {unknown}
 i - a scroll of remove curse {unknown}
 l - 3 scrolls of identify {unknown}
Books
 c - a book of Minor Magic

   Spells                             Type                      Level
   a - Magic Dart                     Conjuration                  1
   b - Blink                          Translocation                2
   c - Call Imp                       Summoning                    2
   d - Slow                           Hexes                        2
   e - Conjure Flame                  Conjuration/Fire             3
   f - Mephitic Cloud                 Conjuration/Poison/Air       3
Comestibles
 d - 2 bread rations
 n - a fruit
 o - a royal jelly


   Skills:
 - Level 1.7(1.1) Dodging
 - Level 1.7(1.1) Stealth
 - Level 3.0(2.3) Spellcasting
 + Level 2.8(2.1) Conjurations
   Level 1.0(0.3) Summonings
 - Level 0.8(0.2) Translocations


You had 4 spell levels left.
You knew the following spells:

 Your Spells              Type           Power        Failure   Level  Hunger
a - Magic Dart            Conj           ##..         7%          1    #......
b - Blink                 Tloc           N/A          22%         2    ##.....


Dungeon Overview and Level Annotations

Branches:
Dungeon (2/15)

Altars:


Innate Abilities, Weirdness & Mutations

You are immune to rotting.


Message History

Aim: an adder (heavily wounded)
You miscast Magic Dart.
Your skin glows momentarily.
The adder bites you but does no damage.
You closely miss the adder.
The adder is heavily wounded.
The adder bites you.
You miss the adder.
The adder is heavily wounded.
The adder bites you.
* * * LOW HITPOINT WARNING * * *
You barely miss the adder.
The adder is heavily wounded.
The adder bites you.
* * * LOW HITPOINT WARNING * * *
You are lethally poisoned!
The adder poisons you! The adder misses you.
It was a potion of flight.
You feel very buoyant.
You fly up into the air.
You die...

..# #......#
#..........# ..#
#......#
######.....# ..#
#.....# ..##
#.....# ##.# #####
##...## ##.###
#...## ##....#
.....# #.#..##
##..#..# .#.#.#
#.##..## ##..##..#
.#...#
#.@##..###..##...#
##.###
#S#.##..#..##.#..#
##..
#.#..##...##..#..#
####
..#.#.##.##...#.##
#
<..#.##.#.#....#.#
# ....#.#
.#.#....#.# #
.....##.
#.#...##.# ....:.
# #.#..# .# #.#


You could see an adder.

Vanquished Creatures
  A dart slug (D:1)
  4 giant cockroaches
  2 goblins (D:1)
  3 hobgoblins
  4 kobolds
  4 bats (D:1)
18 creatures vanquished.

Notes
Turn   | Place    | Note
-------+----------+-------------------------------------------
     0 | D:1      | Kaname the Demonspawn Wizard began the quest for the Orb.
     0 | D:1      | Reached XP level 1. HP: 13/13 MP: 4/4
   648 | D:1      | Gained mutation: You are immune to rotting. [demonic ancestry]
   648 | D:1      | Reached XP level 2. HP: 14/19 MP: 0/6
   652 | D:1      | Learned a level 2 spell: Blink
  1265 | D:2      | Succumbed to an adder's poison

Vault maps used:
D:1:      minmay_arrival_nine_rooms
D:2:      minmay_parallelograms

Skill      XL: |  1 |
---------------+----+-----
Conjurations   | 2 |  2.8
Dodging        | |  1.7
Stealth        | |  1.7
Spellcasting   | |  3.0
Summonings     | |  1.0
Translocations | |  0.8

Action                   || total
-------------------------++-------
Melee: Dagger            ||    47
       Unarmed           ||     2
 Cast: Magic Dart        ||    38
  Use: Potion            ||     2
 Stab: Sleeping          ||     1
Armor: Robe              ||    12
Dodge: Dodged            ||    46

Table legend:
 A = Spawn XP
 B = Non-spawn XP
 C = Spawn XP percentage of total XP
 D = Spawn monster count
 E = Non-spawn monster count
 F = Spawn count percentage of total count
 G = Total turns spent on level
                    A         B        C        D         E        F      G
               +---------+---------+-------+---------+---------+-------+---------
         Total |       0 |      33 |   0.0 |       0 |      18 |   0.0 |  1265
               +---------+---------+-------+---------+---------+-------+---------
           D:1 |       0 |      21 |   0.0 |       0 |      11 |   0.0 |  1060
           D:2 |       0 |      12 |   0.0 |       0 |       7 |   0.0 |   205
               +---------+---------+-------+---------+---------+-------+---------
